 Dungeon Crawl Stone Soup version 0.27.1 (webtiles) character file.

Game seed: 5267013505409666107

200 SeanNever the Covered (level 5, -10/47 HPs)
             Began as a Minotaur Fighter on Aug 30, 2021.
             Was an Initiate of Dithmenos.
             Splashed by an oklob plant's acid (15 damage)
             ... created by the enmity of Fedhas Madash
             ... on level 6 of the Dungeon on Sept 1, 2021.
             The game lasted 00:12:20 (1763 turns).

SeanNever the Covered (Minotaur Fighter)            Turns: 1763, Time: 00:12:20

Health: -10/47     AC:  0    Str: 21    XL:     5   Next: 49%
Magic:  4/4        EV:  8    Int:  6    God:    Dithmenos [......]
Gold:   73         SH:  9    Dex:  9    Spells: 4/4 levels left

rFire    . . .     SeeInvis .   h - +0 rapier
rCold    . . .     Faith    .   c - +0 kite shield
rNeg     . . .     Spirit   .   b - +0 scale mail
rPois    .         Reflect  .   (helmet restricted)
rElec    .         Harm     .   (no cloak)
rCorr    .         Rampage  .   (no gloves)
Will     .....                  (no boots)
Stlth    ..........             i - amulet of regeneration
HPRegen  1.15/turn              (no ring)
MPRegen  0.09/turn              (no ring)

@: corroded
A: horns 2, retaliatory headbutt
a: Renounce Religion


You were on level 6 of the Dungeon.
You worshipped Dithmenos.
Dithmenos was noncommittal.
You visited 2 branches of the dungeon, and saw 7 of its levels.

You collected 73 gold pieces.

Inventory:

Hand Weapons
 a - a +0 rapier
 h - a +0 rapier (weapon)
Armour
 b - a +0 scale mail (worn)
 c - a +0 kite shield (worn)
Jewellery
 i - an amulet of regeneration (around neck)
Scrolls
 e - a scroll of fear {unknown}
 g - 2 scrolls of identify {unknown}
 j - a scroll of enchant armour {unknown}
 l - a scroll of teleportation {unknown}
 m - a scroll of brand weapon {unknown}
 n - a scroll of noise {unknown}
Potions
 d - a potion of might


   Skills:
 + Level 4.5 Fighting
 + Level 3.7 Short Blades
 + Level 5.1 Armour
 + Level 1.0 Dodging
 + Level 0.3 Stealth
 + Level 4.6 Shields


You had 4 spell levels left.
You didn't know any spells.
Your spell library contained the following spells:

 Spells                   Type           Power      Damage    Failure   Level
 Static Discharge         Conj/Air       0%         N/A       100%        2
 Dispel Undead            Necr           0%         3d6       100%        4
 Sticky Flame             Conj/Fire      0%         2d3       100%        4


Dungeon Overview and Level Annotations

Branches:
Dungeon (6/15)             Temple (1/1) D:4

Altars:
Ashenzari
Cheibriados
Dithmenos
Elyvilon
Fedhas
Kikubaaqudgha
Makhleb
Nemelex Xobeh
Okawaru
Ru
Sif Muna
Trog
Xom
Yredelemnul
Zin
The Shining One

Annotations:
D:6 exclusion: 2 oklob plants


Innate Abilities, Weirdness & Mutations

You have a pair of horns on your head.
You reflexively headbutt those who attack you in melee.


Message History

The ufetubus hits you but does no damage.
Found a glowing golden altar of the Shining One.
You closely miss the ufetubus. Your headbutt misses the ufetubus.
The ufetubus is heavily wounded.
The ufetubus barely misses you. You furiously retaliate!
You headbutt the ufetubus.
You kill the ufetubus!
Dithmenos accepts your kill.
There is an open door here.
There is a glowing golden altar of the Shining One here.
You kneel at the altar of the Shining One.
There is an open door here.
You puncture the plant!
The plant begins to die.
You headbutt the plant.
The plant is lightly damaged.
You hit the plant but do no damage. You headbutt the plant!
The plant is lightly damaged.
You hit the plant. You headbutt the plant!
The plant is lightly damaged.
You hit the plant.
The plant is lightly damaged.
A nearby plant withers and dies.
You enter the shallow water.
Moving in this stuff is going to be slow.
You now have 59 gold pieces (gained 11).
Found a stone staircase leading down.
Found 14 gold pieces.
You now have 73 gold pieces (gained 14).
Plants grow around you in an ominous manner.
Marking area around 2 oklob plants as unsafe for travelling. 2 oklob plants come into view.
Marking area around 2 oklob plants as unsafe for travelling.
The oklob plant spits acid at you. The splash of acid hits you.
The acid corrodes you!
You are splashed with acid!
The oklob plant spits acid at you. The splash of acid hits you!
The acid corrodes you!
You are splashed with acid!
The oklob plant spits acid at you. The splash of acid hits you!
* * * LOW HITPOINT WARNING * * *
You are splashed with acid!
You die...

.......#.⌠.....##
...##...........# ##
##........#.##
#>..........## #
#(....##.....##..
#...####......... ##
#....###........
#....#.f###........
.. ##....@.......
.##.#.#P..#...###.##
..........P##.# .#
##......##...... .
#.###...####..... ..
##... ..>... #####
...... ......


You could see 2 oklob plants and a wandering mushroom.

Vanquished Creatures
  A scorpion (D:5)
  2 centaur skeletons (D:5)
  An iguana (D:4)
  A howler monkey skeleton (D:5)
  An adder (D:3)
  A white imp (D:6)
  2 ufetubi (D:6)
  An orc (D:5)
  3 endoplasms
  3 goblins (D:1)
  3 hobgoblins
  3 ball pythons (D:1)
  3 bats
  2 frilled lizards
  A kobold (D:4)
  2 rats
30 creatures vanquished.

Vanquished Creatures (others)
  3 plants
3 creatures vanquished.

Grand Total: 33 creatures vanquished

Notes
Turn   | Place    | Note
-------+----------+-------------------------------------------
     0 | D:1      | SeanNever the Minotaur Fighter began the quest for the Orb.
     0 | D:1      | Reached XP level 1. HP: 19/19 MP: 0/0
    97 | D:1      | Found a faded altar of an unknown god.
   119 | D:1      | Became a worshipper of Fedhas Madash
   119 | D:1      | Reached * piety under Fedhas
   649 | D:2      | Reached XP level 2. HP: 27/27 MP: 1/1
   853 | D:1      | Reached skill level 4 in Armour
  1079 | D:3      | Found a shadowy altar of Dithmenos.
  1106 | D:3      | Reached XP level 3. HP: 33/33 MP: 2/2
  1115 | D:3      | Fell from the grace of Fedhas
  1115 | D:3      | Became a worshipper of Dithmenos the Shadowed
  1277 | D:4      | Found a staircase to the Ecumenical Temple.
  1285 | Temple   | Entered the Ecumenical Temple
  1449 | D:5      | Entered Level 5 of the Dungeon
  1507 | D:5      | Reached XP level 4. HP: 40/40 MP: 3/3
  1591 | D:5      | Noticed a scorpion
  1606 | D:5      | HP: 1/41 [scorpion (4)]
  1609 | D:5      | Killed a scorpion
  1610 | D:5      | Reached skill level 5 in Armour
  1610 | D:5      | Reached skill level 1 in Dodging
  1610 | D:5      | Reached XP level 5. HP: 19/47 MP: 4/4
  1619 | D:5      | Found a shimmering altar of Xom.
  1723 | D:6      | Found a glowing golden altar of the Shining One.
  1760 | D:6      | Noticed an oklob plant
  1760 | D:6      | Noticed a wandering mushroom
  1760 | D:6      | Noticed an oklob plant
  1763 | D:6      | Splashed by an oklob plant's acid

Illustrated notes

Levels and vault maps discovered:
D:1:      dpeg_arrival_orchard, layout_basic,
          shapermc_ecumenical_altar_mp_ritualfount
D:2:      layout_basic, minmay_pentomino_w4
D:3:      layout_basic, mainiacjoe_overflow_catwalk, nicolae_gozag_seed_capital
D:4:      minmay_diamond_boxcup, layout_basic, grunt_qazlal_clouds,
          minmay_temple_entry_fiery
D:5:      layout_gridville, marbit_many_paths, fedhas_altar_2,
          minmay_diced_spiral
D:6:      layout_rooms, nicolae_vehumet_altar_sigil, tso_oasis_becter,
          uniq_eustachio, uniq_grinder
Temple:   nicolae_temple_no_exploring_needed

Skill      XL: |  1  2  3  4 |
---------------+-------------+-----
Fighting       | 4 |  4.5
Armour         | 4 5 |  5.1
Shields        | 4 |  4.6
Short Blades   | 3 |  3.7
Dodging        | 1 |  1.0
Stealth        | |  0.3

Action                   |  1- 3 |  4- 6 || total
-------------------------+-------+-------++-------
Melee: Rapier            |    49 |    35 ||    84
       Headbutt          |    14 |     9 ||    23
  Use: Potion            |       |     2 ||     2
Armor: Scale mail        |    27 |    28 ||    55
Dodge: Dodged            |    20 |    19 ||    39
Block: Kite shield       |    24 |    27 ||    51
